 Dungeon Crawl Stone Soup version 0.25.0-41-g26779e291d (webtiles) character file.

Game seed: 2785828176283038029

21 Milting the Firebug (level 2, 0/23 HPs)
             Began as a Draconian Fire Elementalist on July 10, 2020.
             Slain by an adder (3 damage)
             ... on level 1 of the Dungeon.
             The game lasted 00:04:52 (848 turns).

Milting the Firebug (Draconian Fire Elementalist)    Turns: 848, Time: 00:04:53

Health: 0/23       AC:  5    Str: 10    XL:     2   Next: 65%
Magic:  2/5        EV: 12    Int: 15    God:
Gold:   17         SH:  0    Dex: 11    Spells: 4/5 levels left

rFire    . . .     SeeInvis .   (no weapon)
rCold    . . .     Gourm    .   (no shield)
rNeg     . . .     Faith    .   (armour unavailable)
rPois    +         Spirit   .   (helmet restricted)
rElec    .         Reflect  .   (no cloak)
rCorr    .         Harm     .   (no gloves)
MR       .....                  g - +0 pair of boots (curse)
Stlth    +.........             (no amulet)
HPRegen  0.07/turn              d - ring of attention (curse)
MPRegen  0.09/turn              l - ring of poison resistance

@: lethally poisoned (0 -> -2), very slightly contaminated
A: unfitting armour, cold-blooded, AC +4
a: no special abilities


You were on level 1 of the Dungeon.
You were not hungry.

You visited 1 branch of the dungeon, and saw 2 of its levels.

You collected 17 gold pieces.

Inventory:

Hand Weapons
 c - a +0 hunting sling
 e - a +0 club
Missiles
 p - 57 stones (quivered)
Armour
 g - a cursed +0 pair of boots (worn)
Jewellery
 d - a cursed ring of attention (left hand)
 l - a ring of poison resistance (right hand)
Scrolls
 a - a scroll of remove curse {unknown}
 f - a scroll of identify {unknown}
 j - a scroll of fear {unknown}
 m - a scroll of teleportation {unknown}
Potions
 i - a potion of brilliance {unknown}
 k - a potion of heal wounds {unknown}
 n - a potion of might {unknown}
 q - a potion of stabbing {unknown}
Comestibles
 b - 5 rations


   Skills:
 + Level 1.0 Fighting
 - Level 1.7 Dodging
 - Level 1.7 Stealth
 * Level 2.3 Spellcasting
 + Level 1.3 Conjurations
 * Level 3.3 Fire Magic


You had 4 spell levels left.
You knew the following spells:

 Your Spells              Type           Power        Failure   Level  Hunger
a - Foxfire               Conj/Fire      #...         9%          1    #......

Your spell library contained the following spells:

 Spells                   Type           Power        Failure   Level  Hunger
 Conjure Flame            Conj/Fire      #.......     24%         3    ###....
 Inner Flame              Hex/Fire       #.......     32%         3    ###....
 Sticky Flame             Conj/Fire      #.......     63%         4    #####..
 Fireball                 Conj/Fire      #.........   92%         5    ######.


Dungeon Overview and Level Annotations

Branches:
Dungeon (2/15)

Altars:


Innate Abilities, Weirdness & Mutations

Your plain brown scales are hard. (AC +4)
You cannot fit into any form of body armour.
You are cold-blooded and may be slowed by cold attacks.


Message History

You climb upwards.
There is a stone staircase leading down here.
You hit the adder.
Your tail-slap misses the adder.
The adder is lightly wounded.
The adder bites you.
You barely miss the adder.
Your tail-slap misses the adder.
The adder is lightly wounded.
The adder barely misses you.
You barely miss the adder.
Your tail-slap misses the adder.
The adder is lightly wounded.
You feel sick. The adder bites you but does no damage.
The adder completely misses you.
You barely miss the adder.
The adder is lightly wounded.
The adder bites you.
* * * LOW HITPOINT WARNING * * *
Casting: Foxfire (safe; 9% risk of failure)
Confirm with . or Enter, or press ? or * to list all spells.
You conjure some foxfire!
The adder bites you.
You die...

.......###.# ##.............###
......## #.# ##..............# #
.(....# #.# ##...............###
......####.###.......≈≈≈.≈≈≈...##
####................≈≈♣....≈≈....
##................≈≈..8..♣.≈≈...
#................≈≈.♣.......≈≈.#
#...............v≈.....♣.....≈.#
#..............@v≈........8..≈.#
#..............S.≈≈..8.<....≈≈.#
#.................≈≈..♣....≈≈..#
#............[.....≈≈...♣.≈≈..#.
##..............##..≈≈≈≈≈≈≈.....
##.....##.....##............###
###############...........##
#.....####### #.....#


You could see an adder.

Vanquished Creatures
  A ball python (D:1)
  2 giant cockroaches (D:1)
  3 hobgoblins (D:1)
  3 jackals (D:1)
  3 kobolds (D:1)
  3 bats (D:1)
  2 frilled lizards
  3 rats (D:1)
20 creatures vanquished.

Vanquished Creatures (others)
  40 foxfires
40 creatures vanquished.

Grand Total: 60 creatures vanquished

Notes
Turn   | Place    | Note
-------+----------+-------------------------------------------
     0 | D:1      | Milting the Draconian Fire Elementalist began the quest for
                  | the Orb.
     0 | D:1      | Reached XP level 1. HP: 14/14 MP: 3/3
   224 | D:1      | Reached XP level 2. HP: 14/22 MP: 1/5
   653 | D:1      | Reached skill level 1 in Fighting
   848 | D:1      | Slain by an adder

Illustrated notes

Levels and vault maps discovered:
D:1:      moated_graveyard_arrival, layout_rooms
D:2:      minmay_skewed_foursquare, layout_basic, nrook_loot_triangle,
          uniq_robin

Skill      XL: |  1  2 |
---------------+-------+-----
Fighting       | 1 |  1.0
Dodging        | |  1.7
Stealth        | |  1.7
Spellcasting   | |  2.3
Conjurations   | |  1.3
Fire Magic     | |  3.3

Action                   || total
-------------------------++-------
Melee: Unarmed           ||    36
       Tailslap          ||     2
 Cast: Foxfire           ||    26
Armor: Skin              ||    23
Dodge: Dodged            ||    63
